 Dungeon Crawl Stone Soup version 0.19.4 (webtiles) character file.

630 Naow the Destroyer (level 7, 0/36 HPs)
             Began as a Deep Elf Conjurer on Jan 30, 2017.
             Slain by an ice beast (11 damage)
             ... on level 5 of the Dungeon.
             The game lasted 00:04:13 (4995 turns).

Naow the Destroyer (Deep Elf Conjurer)              Turns: 4995, Time: 00:04:13

Health: 0/36       AC:  2    Str:  5    XL:     7   Next: 24%
Magic:  11/18      EV: 13    Int: 22    God:
Gold:   149        SH:  0    Dex: 15    Spells: 4 memorised, 7 levels left

rFire  . . .     SeeInvis .     (no weapon)
rCold  . . .     Gourm    .     a - +0 robe
rNeg   . . .     Faith    .     (no shield)
rPois  .         Spirit   .     (no helmet)
rElec  .         Reflect  .     (no cloak)
rCorr  .         Harm     .     (no gloves)
MR     .....                    (no boots)
Stlth  ++........               (no amulet)
                                (no ring)
                                (no ring)

@: no status effects
A: no striking features
a: no special abilities


You were on level 5 of the Dungeon.
You were not hungry.

You visited 1 branch of the dungeon, and saw 5 of its levels.

You collected 149 gold pieces.

Inventory:

Armour
 a - a +0 robe (worn)
 h - a +0 pair of gloves
Wands
 n - a wand of confusion (20/48)
 v - a wand of slowing (22/48)
Scrolls
 e - 4 scrolls of identify {unknown}
 i - 2 scrolls of remove curse {unknown}
 j - a scroll of amnesia {unknown}
 l - 2 scrolls of enchant weapon {unknown}
 o - 2 scrolls of teleportation {unknown}
 s - a scroll of fear {unknown}
Potions
 f - a potion of resistance {unknown}
 k - 2 potions of flight {unknown}
 m - a potion of agility {unknown}
 p - a potion of curing {unknown}
 q - a potion of magic {unknown}
 r - a potion of lignification {unknown}
 t - a potion of degeneration {unknown}
 u - a potion of heal wounds {unknown}
Books
 b - a book of Conjurations

   Spells                             Type                      Level
   a - Magic Dart                     Conjuration                  1
   b - Searing Ray                    Conjuration                  2
   c - Dazzling Spray                 Conjuration/Hexes            3
   d - Fulminant Prism                Conjuration/Hexes            4
   e - Iskenderun's Mystic Blast      Conjuration                  4
   f - Iskenderun's Battlesphere      Conjuration/Charms           5
 x - the Guide on Transmigration
   (You found it on level 5 of the Dungeon)

   Spells                             Type                      Level
   a - Sticks to Snakes               Transmutation                2
   b - Spider Form                    Transmutation/Poison         3
   c - Ice Form                       Ice/Transmutation            4
   d - Irradiate                      Conjuration/Transmutation    5
   e - Statue Form                    Transmutation/Earth          6
Comestibles
 c - 9 bread rations
 d - 4 meat rations
 g - a slice of pizza
 w - 3 chunks of flesh


   Skills:
 - Level 2.4 Dodging
 - Level 2.4 Stealth
 - Level 6.5 Spellcasting
 - Level 8.4 Conjurations
 + Level 0.0 Charms


You had 7 spell levels left.
You knew the following spells:

 Your Spells              Type           Power        Failure   Level  Hunger
a - Magic Dart            Conj           ####         1%          1    None
b - Searing Ray           Conj           #####.       1%          2    None
c - Iskenderun's Battles  Conj/Chrm      ####....     50%         5    #####..
d - Iskenderun's Mystic   Conj           #####...     2%          4    ###....


Dungeon Overview and Level Annotations

Branches:
Dungeon (5/15)
 Temple: D:4-7

Altars:
Gozag

Shops:
D:2 *


Message History

Casting: Magic Dart
Confirm with . or Enter, or press ? or * to list all spells.
The spell is very dangerous to cast!
Continue anyway? [Y]es or [N]o only, please.
The spell is very dangerous to cast!
Continue anyway? [Y]es or [N]o only, please.
The spell is very dangerous to cast!
Continue anyway?
Okay, then.
Casting: Iskenderun's Battlesphere
Confirm with . or Enter, or press ? or * to list all spells.
Aiming: Iskenderun's Mystic Blast
Press: ? - help, Shift-Dir - straight line, f/p - ice beast
Aim: an ice beast (lightly wounded)
The orb of energy hits the ice beast.
The ice beast is heavily wounded.
The orb of energy explodes!
The mystic blast hits the bullfrog skeleton.
The bullfrog skeleton is heavily damaged.
The ice beast hits you. The ice beast freezes you!
You die...

#.###### #a......
###......## .........
#......# # #......###### #.
#...†YZ...... #.#######@#
#.........# ###.....#######
..............) ..
###.....#############....
###.....# #....<......#
####.....###.#..........
####.........##.#.##.###.##
.................>.......


You could see an ice beast, a worker ant and a bullfrog skeleton.

Vanquished Creatures
  The ghost of loom the Conjurer, an amateur DECj (D:4)
  An ogre (D:4)
  3 hounds
  An iguana (D:4)
  2 worker ants (D:4)
  13 adders
  An ooze (D:1)
  6 worms
  5 leopard geckos
  4 orcs (D:3)
  8 goblins
  10 hobgoblins
  9 jackals
  2 quokkas (D:3)
  A ball python (D:4)
  6 bats
  5 frilled lizards
  9 kobolds
  A quokka skeleton (D:4)
  6 rats
94 creatures vanquished.

Notes
Turn   | Place    | Note
-------+----------+-------------------------------------------
     0 | D:1      | Naow the Deep Elf Conjurer began the quest for the Orb.
     0 | D:1      | Reached XP level 1. HP: 10/10 MP: 6/6
   284 | D:1      | Reached XP level 2. HP: 15/15 MP: 0/8
   288 | D:1      | Learned a level 2 spell: Searing Ray
   640 | D:1      | Reached skill level 5 in Conjurations
   890 | D:1      | Reached XP level 3. HP: 19/19 MP: 5/10
  1209 | D:2      | Found an opulent altar of Gozag.
  1211 | D:2      | Found Gozag's Platinum Reserve.
  1998 | D:2      | Reached XP level 4. HP: 24/24 MP: 4/12
  2920 | D:3      | Reached skill level 6 in Conjurations
  3390 | D:3      | Reached XP level 5. HP: 28/28 MP: 8/14
  3397 | D:3      | Learned a level 5 spell: Iskenderun's Battlesphere
  3402 | D:3      | Learned a level 4 spell: Iskenderun's Mystic Blast
  3594 | D:3      | Reached skill level 5 in Spellcasting
  3911 | D:4      | Noticed loom's ghost (amateur DECj)
  3920 | D:4      | Killed loom's ghost
  3920 | D:4      | Reached skill level 7 in Conjurations
  3920 | D:4      | Reached XP level 6. HP: 14/32 MP: 7/16
  4495 | D:4      | Reached skill level 8 in Conjurations
  4495 | D:4      | Reached XP level 7. HP: 36/36 MP: 12/18
  4920 | D:5      | Entered Level 5 of the Dungeon
  4948 | D:5      | Identified the Guide on Transmigration
  4995 | D:5      | Slain by an ice beast

Skill      XL: |  1  2  3  4  5  6 |
---------------+-------------------+-----
Conjurations   | 5 6 7 8 |  8.4
Spellcasting   | 4 5 6 |  6.5
Dodging        | |  2.4
Stealth        | |  2.4

Action                   |  1- 3 |  4- 6 |  7- 9 || total
-------------------------+-------+-------+-------++-------
Melee: Unarmed           |     1 |       |       ||     1
 Cast: Magic Dart        |    83 |   121 |    17 ||   221
       Searing Ray       |     1 |     6 |       ||     7
       Iskenderun's Myst |       |       |     1 ||     1
  Eat: Chunk             |     3 |     8 |     1 ||    12
Armor: Robe              |     4 |     2 |       ||     6
Dodge: Dodged            |    13 |     8 |     1 ||    22
